 Dungeon Crawl Stone Soup version 0.25.1-9-gc5326a611f (webtiles) character file.

Game seed: 4226945160696646265

1373 Gabide the Cruncher (level 8, -2/63 HPs)
             Began as a Demigod Gladiator on Jan 1, 2021.
             Slain by a killer bee (6 damage)
             ... on level 6 of the Dungeon.
             The game lasted 00:10:09 (6718 turns).

Gabide the Cruncher (Demigod Gladiator)             Turns: 6718, Time: 00:10:11

Health: -2/63      AC: 13    Str: 21    XL:     8   Next: 16%
Magic:  10/10      EV:  9    Int: 12    God:
Gold:   294        SH:  0    Dex: 17    Spells: 7/7 levels left

rFire    . . .     SeeInvis .   a - +1 quarterstaff
rCold    . . .     Gourm    .   (shield currently unavailable)
rNeg     + . .     Faith    .   k - +3 chain mail {rN+}
rPois    .         Spirit   .   c - +0 helmet
rElec    .         Reflect  .   (no cloak)
rCorr    .         Harm     .   (no gloves)
MR       .....                  (no boots)
Stlth    ..........             (no amulet)
HPRegen  0.20/turn              (no ring)
MPRegen  0.12/turn              (no ring)

@: confused, lethally poisoned (-2 -> -53)
A: high mp 1
a: no special abilities


You were on level 6 of the Dungeon.
You were hungry.

You visited 1 branch of the dungeon, and saw 7 of its levels.

You collected 294 gold pieces.

Inventory:

Hand Weapons
 a - a +1 quarterstaff (weapon)
Missiles
 i - 4 boomerangs (quivered)
Armour
 c - a +0 helmet (worn)
 k - a +3 chain mail of positive energy (worn)
Jewellery
 q - an uncursed ring of magical power {unknown}
Wands
 j - a wand of flame (21)
 r - a wand of polymorph (7)
 t - a wand of disintegration (7)
Scrolls
 d - a scroll of immolation
 e - 4 scrolls of teleportation
 h - 4 scrolls of remove curse
 n - a scroll of fear
 o - 2 scrolls of identify
 p - a scroll of blinking
 s - 2 scrolls of fog
Potions
 g - a potion of brilliance
 m - 4 potions of flight
Comestibles
 f - 14 rations


   Skills:
 + Level 3.5 Fighting
 * Level 8.0 Staves
 - Level 1.9 Throwing
 * Level 4.1 Armour
 + Level 3.1 Dodging


You had 7 spell levels left.
You didn't know any spells.
Your spell library was empty.

Dungeon Overview and Level Annotations

Branches:
Dungeon (7/15)             Temple (0/1) D:7


Innate Abilities, Weirdness & Mutations

You have an increased reservoir of magic. (+10% MP)


Message History

The killer bee closely misses you. The killer bee barely misses you.
The killer bee stings you but does no damage. x2
The killer bee closely misses you.
You bump into the rock wall.
* * * LOW HITPOINT WARNING * * *
You feel very sick. The killer bee closely misses you.
The killer bee stings you but does no damage. x4
The killer bee closely misses you. The killer bee stings you.
* * * LOW HITPOINT WARNING * * *
The killer bee stings you but does no damage.
Okay, then.
You closely miss the killer bee.
The killer bee is severely wounded.
* * * LOW HITPOINT WARNING * * *
You feel very sick. The killer bee barely misses you.
The killer bee stings you but does no damage.
The killer bee stings you.
You die...

.#.########.............###.#.###
.#.# ######..(..###....# #.#....
.#.####.......#...####### #.##...
...<....#######(#......# #.##...
...###### #####.######.####.##.#.
#..# #.....# #...##.##... ##.#
#...[.# ###..#.####. #.##
#....y#########...####. ##..###
#....y@y.......>....... #.....###
#....y###########.#.### #.###...#
####..###### #.#.# #.# ###.#
#.........# #.#.### #.# #.#
#.#######.# #.#...# #.# #.####.#
#.######.###.# #.# #......#
#.<...##.# #.. ..# #####..#
#####.##.####. ### #..#
#......###


You could see 4 killer bees.

Vanquished Creatures
  A phantom (D:5)
  2 ogres
  A centaur (D:6)
  2 scorpions
  A killer bee (D:6)
  2 crimson imps (D:5)
  2 orc priests (D:5)
  A hound (D:4)
  A centaur skeleton (D:5)
  6 orc wizards
  A bullfrog skeleton (D:5)
  Jessica (D:3)
  2 iguanas (D:4)
  2 worker ants
  A howler monkey zombie (D:5)
  Robin (D:3)
  15 gnolls
  A howler monkey skeleton (D:5)
  5 adders
  An ooze (D:3)
  An adder skeleton (D:5)
  A worm (D:2)
  2 dart slugs (D:3)
  5 leopard geckos
  27 orcs
  4 giant cockroaches
  12 goblins
  8 hobgoblins
  2 jackals (D:2)
  7 kobolds
  3 quokkas
  7 bats
  5 frilled lizards
  A jackal skeleton (D:5)
  A leopard gecko zombie (D:7)
  A quokka zombie (D:5)
  6 rats
142 creatures vanquished.

Notes
Turn   | Place    | Note
-------+----------+-------------------------------------------
     0 | D:1      | Gabide the Demigod Gladiator began the quest for the Orb.
     0 | D:1      | Reached XP level 1. HP: 17/17 MP: 3/3
   340 | D:1      | Reached skill level 3 in Staves
   436 | D:1      | Reached XP level 2. HP: 19/24 MP: 4/4
  1409 | D:2      | Found a glowing golden altar of the Shining One.
  1419 | D:2      | Reached XP level 3. HP: 13/29 MP: 5/5
  1847 | D:2      | Reached skill level 4 in Staves
  2083 | D:2      | Found a bloodstained altar of Trog.
  2123 | D:2      | Reached XP level 4. HP: 36/36 MP: 6/6
  2260 | D:2      | Found a snail-covered altar of Cheibriados.
  2797 | D:3      | Reached skill level 1 in Armour
  3137 | D:3      | Noticed Robin
  3163 | D:3      | Reached XP level 5. HP: 14/41 MP: 7/7
  3186 | D:3      | Killed Robin
  3571 | D:3      | Reached skill level 5 in Staves
  3835 | D:3      | Noticed Jessica
  3839 | D:3      | Killed Jessica
  3971 | D:4      | Reached XP level 6. HP: 38/49 MP: 8/8
  4168 | D:4      | Found a stormy altar of Qazlal.
  4475 | D:4      | Reached skill level 6 in Staves
  4775 | D:5      | Entered Level 5 of the Dungeon
  4838 | D:5      | Reached XP level 7. HP: 42/56 MP: 9/9
  5520 | D:5      | Reached skill level 7 in Staves
  5560 | D:5      | Got a faintly humming chain mail
  5571 | D:5      | Identified the cursed +0 chain mail "Aduerr" {+Blink rCorr
                  | Str-3 Dex-4} (You found it on level 5 of the Dungeon)
  5584 | D:5      | Found a burning altar of Makhleb.
  5849 | D:5      | Found an ancient bone altar of Kikubaaqudgha.
  5866 | D:5      | Found a shimmering altar of Xom.
  5866 | D:5      | Found an iron altar of Okawaru.
  5871 | D:5      | Found a hazy altar of Hepliaklqana.
  5871 | D:5      | Found an ornate altar of the Wu Jian Council.
  5871 | D:5      | Found a glowing golden altar of the Shining One.
  6267 | D:6      | Reached XP level 8. HP: 63/63 MP: 10/10
  6570 | D:7      | Found a staircase to the Ecumenical Temple.
  6596 | D:7      | Reached skill level 8 in Staves
  6717 | D:6      | HP: 2/63 [killer bee (6)]
  6718 | D:6      | Slain by a killer bee

Illustrated notes

Levels and vault maps discovered:
D:1:      dpeg_arrival_simpleton_b, layout_loops_corners, st_stairs_14
D:2:      layout_basic, nicolae_overflow_crystal_walls,
          lemuel_coloured_pillars_altar, trog_three_pillars_becter
D:3:      layout_loops_ring, uniq_jessica, uniq_robin
D:4:      layout_gridville, grunt_qazlal_clouds, first_ration
D:5:      layout_loops_ring, doesnt_xom_only_xom, lemuel_doored_altar
D:6:      layout_rooms
D:7:      layout_rooms, old_standard_altar, minmay_temple_entry_mini_moons,
          led_sif_book

Skill      XL: |  1  2  3  4  5  6  7  8 |
---------------+-------------------------+-----
Staves         | 3 4 5 6 7 8 |  8.0
Fighting       | 2 3 |  3.5
Armour         | 1 2 3 4 |  4.1
Dodging        | 3 |  3.1
Throwing       | |  1.9

Action                   |  1- 3 |  4- 6 |  7- 9 || total
-------------------------+-------+-------+-------++-------
Melee: Quarterstaff      |   100 |   240 |   197 ||   537
       Unarmed           |       |       |     1 ||     1
Throw: Throwing net      |       |     3 |       ||     3
       Boomerang         |       |     6 |       ||     6
  Use: Scroll            |     6 |     6 |     7 ||    19
       Potion            |       |     3 |     2 ||     5
 Stab: Held in net/web   |       |     1 |       ||     1
  Eat: Chunk             |     4 |     9 |     2 ||    15
       Ration            |       |       |     1 ||     1
Armor: Leather armour    |    10 |       |       ||    10
       Chain mail        |    62 |   139 |   153 ||   354
Dodge: Dodged            |    58 |   139 |   127 ||   324
